 Dungeon Crawl Stone Soup version 0.30-b1-2-g02819fbbbe (webtiles) character file.

Game seed: 10620481991215072854

1189 nightchill the Cleaver (level 8, 73/73 HPs)
             Began as a Hill Orc Fighter on Dec 23, 2023.
             Was a Follower of Beogh.
             Quit the game on level 6 of the Dungeon on Dec 25, 2023.
             The game lasted 00:10:14 (5192 turns).

nightchill the Cleaver (Hill Orc Fighter)           Turns: 5192, Time: 00:10:15

Health: 73/73      AC: 11    Str: 21    XL:     8   Next: 43%
Magic:  11/11      EV:  7    Int:  8    God:    Beogh [*.....]
Gold:   346        SH:  5    Dex: 16    Spells: 7/7 levels left

rFire   . . .        a - +0 war axe
rCold   . . .        c - +0 buckler
rNeg    . . .        u - +0 chain mail
rPois   .            h - +0 helmet
rElec   .            (no cloak)
rCorr   .            (no gloves)
SInv    .            o - +0 pair of boots
Will    .....        (no amulet) Stlth
                     r - +6 ring of dexterity
HPRegen 0.32/turn    (no ring)
MPRegen 0.12/turn

%: no passive effects
@: no status effects
A: no striking features
a: Renounce Religion


You were on level 6 of the Dungeon.
You worshipped Beogh.
Beogh was aware of your devotion.
You visited 1 branch of the dungeon, and saw 6 of its levels.

You collected 346 gold pieces.

Inventory:

Hand Weapons
 a - a +0 war axe (weapon)
 C - a +0 war axe
Armour
 b - a +0 scale mail
 c - a +0 buckler (worn)
 h - a +0 helmet (worn)
 o - a +0 pair of boots (worn)
 u - a +0 chain mail (worn)
Jewellery
 p - a ring of see invisible
 r - a +6 ring of dexterity (left hand)
Wands
 y - a wand of mindburst (4)
Scrolls
 e - 8 scrolls of identify {unknown}
 g - a scroll of vulnerability {unknown}
 i - 5 scrolls of teleportation {unknown}
 j - 3 scrolls of noise {unknown}
 l - a scroll of magic mapping {unknown}
 q - a scroll of poison {unknown}
 t - a scroll of summoning {unknown}
 w - a scroll of enchant armour {unknown}
 x - 2 scrolls of blinking {unknown}
 z - 2 scrolls of amnesia {unknown}
 A - a scroll of fear {unknown}
 E - a scroll of fog {unknown}
Potions
 d - 3 potions of might
 f - 2 potions of haste {unknown}
 k - 2 potions of flight {unknown}
 m - a potion of mutation {unknown}
 n - a potion of berserk rage {unknown}
 s - a potion of lignification {unknown}
 v - 3 potions of brilliance {unknown}
 B - a potion of attraction {unknown}
 D - a potion of heal wounds {unknown}


   Skills:
 + Level 7.2 Fighting
 * Level 10.1 Axes
 - Level 3.3 Armour
 - Level 3.3 Shields
 + Level 4.4 Invocations


You had 7 spell levels left.
You didn't know any spells.
Your spell library contained the following spells:

 Spells                   Type           Power      Damage    Failure   Level
 Kiss of Death            Conj/Necr      0%         2d5       98%         1
 Slow                     Hex            0%         N/A       98%         1
 Ensorcelled Hibernation  Hex/Ice        0%         N/A       99%         2
 Passwall                 Tmut/Erth      0%         N/A       99%         2
 Poisonous Vapours        Pois/Air       0%         N/A       99%         2
 Confusing Touch          Hex            0%         N/A       100%        3
 Mephitic Cloud           Conj/Pois/Air  0%         N/A       100%        3
 Swiftness                Air            0%         N/A       100%        3
 Vampiric Draining        Necr           0%         2d6       100%        3
 Dispel Undead            Necr           0%         3d6       100%        4
 Freezing Cloud           Conj/Ice/Air   0%         6-21      100%        5


Dungeon Overview and Level Annotations

Branches:
Dungeon (6/15)             Temple (0/1) D:6

Altars:

Shops:
D:2 =   D:4 =

Annotations:
D:1 2 transporters
D:2 1 runed translucent door, 1 exclusion, Crazy Yiuf


Message History

You kill the orc!
Beogh accepts your kill.
You slash the jelly!
Your hands burn!
The jelly is severely wounded.
The jelly closely misses you.
You hit the jelly.
Your hands burn!
The jelly is severely wounded.
The jelly hits you but does no damage.
You slash the jelly!
You kill the jelly!
Beogh accepts your kill.
Your Axes skill increases to level 10!
E - a scroll labelled REPTO TUYN USK
Things that are here:
a +0 club; an orc corpse
Things that are here:
a +0 club; an orc corpse A hound comes into view.
A hound is nearby!
A hound is nearby!
A hound is nearby!
You slash the hound!
You kill the hound!
Beogh accepts your kill.
No target in view!
No target in view!
You now have 346 gold pieces (gained 13).
Found an escape hatch in the ceiling.
Done exploring.
Key pressed, stopping explore.
No target in view!
No target in view!
No target in view!
Done exploring.
Done exploring.
Done exploring.
Welcome back, nightchill the Hill Orc Fighter.
Beogh says: Drown the unbelievers in a sea of blood!
Press ? for a list of commands and other information.
Are you sure you want to abandon this character and quit the game? (Confirm with "yes".)

###........#.# #...#...###...
###### #####......#...#.#
####....### #........###...#.#
.....##...# #.....#.#..#...#.#
.....####.# #.......#...###...
.....# #.## #[......#.....#...
.....####..#####........###...###
................@.####.#...#.....
.....######.#######....#...###...
.....# ####............#...#..#.#
.....###......######....###...#.#
.........####.######....#.....#.#
###.###### #.#......###...###...
#.# #.....##......#...#.# #.#
#########.#.##....###...#.#
#.###.>.#...#.#.##...#..#...#.#


There were no monsters in sight!

Vanquished Creatures
  2 steam dragons (D:6)
  2 water moccasins (D:6)
  A black bear (D:5)
  An ogre (D:5)
  3 hounds
  3 jellies
  2 iguanas
  2 orc wizards
  14 adders
  A shadow imp (D:5)
  2 white imps
  3 worms
  3 dart slugs
  8 orcs
  12 ball pythons
  2 endoplasms (D:2)
  2 giant cockroaches (D:3)
  13 hobgoblins
  8 jackals
  5 quokkas
  3 bats
  2 frilled lizards
  10 goblins
  10 kobolds
  6 rats
120 creatures vanquished.

Vanquished Creatures (others)
  4 plants (D:1)
4 creatures vanquished.

Grand Total: 124 creatures vanquished

Notes
Turn   | Place    | Note
-------+----------+-------------------------------------------
     0 | D:1      | nightchill the Hill Orc Fighter began the quest for the
                  | Orb.
     0 | D:1      | Reached XP level 1. HP: 19/19 MP: 1/1
   128 | D:1      | Reached skill level 3 in Axes
   137 | D:1      | Reached XP level 2. HP: 27/27 MP: 2/2
   497 | D:1      | Found a faded altar of an unknown god.
   898 | D:2      | Reached skill level 4 in Axes
   898 | D:2      | Reached XP level 3. HP: 33/33 MP: 3/3
   999 | D:2      | Reached XP level 4. HP: 41/41 MP: 4/4
  1318 | D:2      | Reached skill level 5 in Axes
  1354 | D:2      | Found a runed translucent door.
  1355 | D:2      | Noticed Crazy Yiuf
  1528 | D:2      | Found Cuat's Jewellery Shoppe.
  2070 | D:3      | Reached XP level 5. HP: 38/47 MP: 5/5
  2405 | D:3      | Reached skill level 6 in Axes
  2562 | D:3      | Reached skill level 5 in Fighting
  2865 | D:4      | Reached XP level 6. HP: 50/56 MP: 6/6
  2982 | D:4      | Became a worshipper of Beogh the Brigand
  3019 | D:4      | Reached skill level 7 in Axes
  3247 | D:4      | Found a transporter.
  3255 | D:4      | Found Sethrit's Jewellery Shop.
  3276 | D:4      | Found a transporter.
  3293 | D:5      | Entered Level 5 of the Dungeon
  3305 | D:5      | Reached skill level 1 in Invocations
  3858 | D:5      | Noticed a black bear
  3865 | D:5      | Killed a black bear
  3866 | D:5      | Reached skill level 8 in Axes
  3866 | D:5      | Reached XP level 7. HP: 51/63 MP: 6/8
  4149 | D:5      | Reached * piety under Beogh
  4367 | D:6      | Noticed a steam dragon
  4384 | D:6      | Killed a steam dragon
  4639 | D:6      | Reached skill level 9 in Axes
  4639 | D:6      | Reached XP level 8. HP: 21/71 MP: 10/10
  4940 | D:6      | Found a staircase to the Ecumenical Temple.
  5042 | D:6      | Reached skill level 10 in Axes
  5192 | D:6      | Quit the game

Illustrated notes

Levels and vault maps discovered:
D:1:      spicycebolla_arrival_transporter_tutorial, layout_loops_ring,
          serial_forest, infiniplex_forest_lined_1,
          infiniplex_forest_clump_tiny, infiniplex_forest_clump_C,
          infiniplex_forest_straight_5, infiniplex_forest_clump_cross,
          infiniplex_forest_clump_double, infiniplex_forest_lined_room_2,
          infiniplex_forest_clump_large, basic_ecumenical_altar
D:2:      layout_basic, serial_shops,
          nicolae_shop_temple_entry_statues_fountains, minmay_divided_ellipse,
          uniq_crazy_yiuf_cottage
D:3:      layout_basic
D:4:      layout_rooms, serial_shops, nicolae_shop_drivethru
D:5:      layout_basic
D:6:      layout_rooms, minmay_temple_entry_drinking_statues, nicolae_titane

Skill      XL: |  1  2  3  4  5  6  7  8 |
---------------+-------------------------+-----
Axes           | 3 4 5 6 8 9 10 | 10.1
Fighting       | 4 5 6 7 |  7.2
Invocations    | 1 3 4 |  4.4
Armour         | |  3.3
Shields        | |  3.3

Action                     |  1- 3 |  4- 6 |  7- 9 || total
---------------------------+-------+-------+-------++-------
  Melee: War axe           |    73 |   221 |    70 ||   364
 Invoke: Convert to Beogh  |       |     1 |       ||     1
    Use: Potion            |       |       |     1 ||     1
 Armour: Scale mail        |    36 |    66 |       ||   102
         Chain mail        |       |    62 |    37 ||    99
  Dodge: Dodged            |    39 |    97 |    17 ||   153
  Block: Buckler           |    16 |    52 |    15 ||    83
